Americans vs Penguins
Created - Thursday, February 13, 2025 at 23:57
Goals
|
Americans |
1 |
1 |
1 |
3 |
Penguins |
0 |
3 |
2 |
5 |
|
Shots
|
Americans |
10 |
16 |
7 |
33 |
Penguins |
1 |
10 |
6 |
17 |
|
1st period
1. Americans , Thomas Bordeleau 38 (Sheldon Rempal 23, Nikita Alexandrov 34) at 5:28 (PP)
Penalties :
Anthony Deangelo (WBS) for Roughing (Minor) at 4:00, Tyson Hinds (WBS) for Tripping (Minor) at 11:13, Jakub Zboril (WBS) for Hooking (Minor) at 14:54
2nd period
2. Penguins , Corey Schueneman 6 (Lucas Edmonds 24, Nikita Chibrikov 23) at 5:27 (PP)
3. Penguins , Antti Saarela 10 (Nikita Chibrikov 24, Anthony Deangelo 38) at 6:38
4. Penguins , Nikita Chibrikov 28 (Lucas Edmonds 25, Corey Schueneman 23) at 10:08 (PP)
5. Americans , Josh Anderson 29 (Jonathan Gruden 13, Jack Thompson 19) at 18:18
Penalties :
Ivan Ivan (RCH) for Roughing (Minor) at 3:49, Josh Anderson (RCH) for Cross-checking (Minor) at 6:48, Sheldon Rempal (RCH) for Interference (Minor) at 9:10, Brendan Lemieux (WBS) for Fighting (Major) at 10:59, Josh Anderson (RCH) for Fighting (Major) at 10:59, Tyler Kleven (WBS) for Roughing (Minor) at 14:49
3rd period
6. Penguins , Austin Watson 18 (Anthony Deangelo 39) at 3:44
7. Penguins , Lucas Edmonds 19 (Antti Saarela 22, Nikita Chibrikov 25) at 15:43
8. Americans , Thomas Bordeleau 39 (Dennis Cholowski 25, Trent Miner) at 18:29
Penalties :
Corey Schueneman (WBS) for Roughing (Minor) at 5:41, Ozzy Wiesblatt (WBS) for High sticking (Minor) at 13:21
Goalie Stats
Trent Miner (RCH), 12 saves from 17 shots - (0.706), L, 25-10-6, 60:00 minutes
Nico Daws (WBS), 30 saves from 33 shots - (0.909), W, 26-14-1, 60:00 minutes
Players Stats for Americans
Player Name G A P +/- PIM S H SB GA TA FO MP PP MP PK MP
------------------------------------------------------------------------------------
Alex Turcotte 0 0 0 -2 0 1 0 0 0 0 11/18 16:48 6:29 0:00
Carter Mazur 0 0 0 -1 0 1 2 0 0 0 1/3 19:14 5:47 0:00
Dennis Cholowski 0 1 1 1 0 0 1 0 0 0 0/0 22:42 4:25 1:47
Henry Thrun 0 0 0 -3 0 0 1 1 0 0 0/0 22:29 6:00 1:47
Ian Mitchell 0 0 0 -2 0 1 1 0 0 0 0/0 19:45 0:00 2:48
Ivan Ivan 0 0 0 1 2 0 2 0 0 0 8/17 14:57 0:00 1:52
Jack Thompson 0 1 1 1 0 0 0 0 0 0 0/0 15:16 2:26 0:00
Joakim Kemell 0 0 0 -1 0 2 1 0 0 0 1/3 18:10 5:19 0:00
Jonathan Gruden 0 1 1 1 0 2 1 0 0 0 0/0 8:33 1:10 0:00
Josh Anderson 1 0 1 -1 7 4 2 0 0 0 1/6 20:00 4:18 0:00
Kristian Reichel 0 0 0 1 0 3 1 0 0 0 0/0 16:36 0:00 3:30
Martin Chromiak 0 0 0 1 0 0 1 0 0 0 0/0 10:45 1:38 1:05
Michael Vukojevic 0 0 0 0 0 2 1 0 0 0 0/0 15:48 0:00 2:48
Nikita Alexandrov 0 1 1 -1 0 3 7 0 0 0 4/12 16:21 2:54 0:00
Robin Salo 0 0 0 1 0 0 2 0 0 0 0/0 19:42 5:37 0:00
Samuel Houde 0 0 0 0 0 0 0 0 0 0 3/3 2:00 2:00 0:00
Sheldon Rempal 0 1 1 -2 2 2 1 0 0 0 3/3 16:35 4:26 0:00
Thomas Bordeleau 2 0 2 1 0 12 1 1 0 0 3/8 19:40 4:26 2:43
Players Stats for Penguins
Player Name G A P +/- PIM S H SB GA TA FO MP PP MP PK MP
------------------------------------------------------------------------------------
Anthony Deangelo 0 2 2 0 2 0 0 4 0 0 0/0 21:37 2:07 4:28
Antti Saarela 1 1 2 2 0 1 2 0 0 0 11/18 19:07 2:28 1:04
Austin Watson 1 0 1 1 0 2 5 0 0 0 5/18 20:39 2:07 4:32
Brayden Tracey 0 0 0 -2 0 1 3 0 0 0 2/2 21:05 2:07 4:46
Brendan Lemieux 0 0 0 1 5 0 2 0 0 0 0/0 12:56 0:00 4:48
Corey Schueneman 1 1 2 0 2 2 3 0 0 0 0/0 21:57 2:28 3:52
Daniel Torgersson 0 0 0 -1 0 0 1 0 0 0 0/0 18:42 0:00 0:31
Farm Player 115 0 0 0 0 0 0 0 0 0 0 1/1 1:52 0:00 0:48
Jake Massie 0 0 0 0 0 1 1 2 0 0 0/0 20:32 2:07 3:09
Jakub Zboril 0 0 0 1 2 1 0 2 0 0 0/0 14:56 0:00 1:15
Lucas Edmonds 1 2 3 2 0 2 1 0 0 0 1/2 18:44 2:28 0:26
Marcel Marcel 0 0 0 -2 0 0 0 0 0 0 5/14 13:09 0:00 0:00
Nikita Chibrikov 1 3 4 1 0 4 2 1 0 0 1/1 20:44 2:28 2:37
Ozzy Wiesblatt 0 0 0 0 2 0 0 0 0 0 0/0 1:48 0:00 0:00
Roni Hirvonen 0 0 0 0 0 0 0 0 0 0 0/0 0:42 0:00 0:00
Ryan Winterton 0 0 0 1 0 3 1 1 0 0 12/17 21:06 2:07 4:46
Tyler Kleven 0 0 0 0 2 0 4 0 0 0 0/0 20:48 2:28 3:31
Tyson Hinds 0 0 0 1 2 0 2 3 0 0 0/0 18:06 0:00 4:59
3 Stars
1 - Nikita Chibrikov (WBS)
2 - Lucas Edmonds (WBS)
3 - Antti Saarela (WBS)
Power Play
Americans - 1 on 6 Attempt(s) - 16.67%
Penguins - 2 on 3 Attempt(s) - 66.67%
Penalty Kill
Americans - 1 on 3 Attempt(s) - 33.33%
- Score 0 goal in Penalty Kill
Penguins - 5 on 6 Attempt(s) - 83.33%
- Score 0 goal in Penalty Kill
Team Stat
Americans - Hits : 25 - Faceoff Wins : 35 - Blocked Shots : 2 - Penalty Minutes : 11
Penguins - Hits : 27 - Faceoff Wins : 38 - Blocked Shots : 13 - Penalty Minutes : 17
Official
Referees : Ian Walsh and Mitch Dunning
Linesman : Julien Fournier and Dan Kelly
Game Notes
Farm Player 115 is injured at 6:35 of 1st period (Sprained Left Knee)
Josh Anderson beats up Brendan Lemieux at 10:59 of 2nd period
Finance
Level 1 -- Attendance: 2000 (100.00%) -- Ticket Income $70,000
Level 2 -- Attendance: 867 (86.70%) -- Ticket Income $13,005
Total Attendance: 2867 (95.57%)
Total Ticket Income: $83,005
Other Income: $40,672
Total Income: $123,677
Americans
5 vs 5 Forward
Center Left Wing Right Wing Time % Phy DF OF
1 Alex Turcotte Sheldon Rempal Josh Anderson 31 1 1 3
2 Nikita Alexandrov Carter Mazur Joakim Kemell 30 0 1 4
3 Ivan Ivan Thomas Bordeleau Kristian Reichel 27 2 1 2
4 Josh Anderson Jonathan Gruden Martin Chromiak 12 2 2 1
5 vs 5 Defense
Defense Defense Time % Phy DF OF
1 Henry Thrun Ian Mitchell 32 1 2 2
2 Dennis Cholowski Robin Salo 30 1 2 2
3 Michael Vukojevic Jack Thompson 28 2 2 1
4 Dennis Cholowski Ian Mitchell 10 2 1 2
PowerPlay Forward
Center Left Wing Right Wing Time % Phy DF OF
1 Alex Turcotte Carter Mazur Joakim Kemell 60 1 0 4
2 Nikita Alexandrov Thomas Bordeleau Sheldon Rempal 40 1 0 4
PowerPlay Defense
Defense Defense Time % Phy DF OF
1 Henry Thrun Josh Anderson 60 1 1 3
2 Robin Salo Dennis Cholowski 40 1 1 3
Penalty Kill 4 Players Forward
Center Wing Time % Phy DF OF
1 Ivan Ivan Kristian Reichel 60 2 2 1
2 Thomas Bordeleau Martin Chromiak 40 2 2 1
Penalty Kill 4 Players Defense
Defense Defense Time % Phy DF OF
1 Dennis Cholowski Henry Thrun 60 2 3 0
2 Michael Vukojevic Ian Mitchell 40 2 3 0
Penalty Kill - 3 Players Forward
Forward Time % Phy DF OF
1 Ivan Ivan 60 2 2 1
2 Thomas Bordeleau 40 2 2 1
Penalty Kill - 3 Players Defense
Defense Defense Time % Phy DF OF
1 Dennis Cholowski Henry Thrun 60 2 3 0
2 Michael Vukojevic Ian Mitchell 40 2 3 0
4 vs 4 Forward
Center Wing Time % Phy DF OF
1 Alex Turcotte Carter Mazur 60 1 0 4
2 Nikita Alexandrov Joakim Kemell 40 1 0 4
4 vs 4 Defense
Defense Defense Time % Phy DF OF
1 Robin Salo Josh Anderson 60 1 1 3
2 Sheldon Rempal Dennis Cholowski 40 1 1 3
Last Minutes Offensive
Center Left Wing Right Wing Defense Defense
Alex Turcotte Josh Anderson Joakim Kemell Henry Thrun Ian Mitchell
Last Minutes Defensive
Center Left Wing Right Wing Defense Defense
Thomas Bordeleau Sheldon Rempal Kristian Reichel Dennis Cholowski Ian Mitchell
Goaltenders
Starting : Trent Miner
Backup : Adam Scheel
Extra Forwards
Normal : Joakim Kemell, Josh Anderson, Sheldon Rempal - PP : Sheldon Rempal, Joakim Kemell - PK : Thomas Bordeleau
Extra Defensemen
Normal : Michael Vukojevic, Henry Thrun, Ian Mitchell - PP : Robin Salo - PK : Henry Thrun, Ian Mitchell
Penalty Shots
Joakim Kemell, Carter Mazur, Sheldon Rempal, Kristian Reichel, Ivan Ivan
Custom OT Lines Forwards
Alex Turcotte, Josh Anderson, Thomas Bordeleau, Joakim Kemell, Nikita Alexandrov, Carter Mazur, Ivan Ivan, Sheldon Rempal, Martin Chromiak, Kristian Reichel
Custom OT Lines Defensemen
Henry Thrun, Ian Mitchell, Dennis Cholowski, Michael Vukojevic, Robin Salo
Scratches
Mattias Norlinder (Healthy), Jason Polin (Healthy), David Spacek (Healthy), Jakub Demek (Healthy), Amadeus Lombardi (Healthy)
Maxim Cajkovic (Healthy), Robert Mastrosimone (Healthy), Libor Hajek (Healthy), Xavier Parent (Healthy), Travis Mitchell (Healthy)
Josiah Slavin (Healthy), Hunter Skinner (Right Hip Injury), Oskari Salminen (Healthy), Strauss Mann (Healthy), Jacob Ingham (Healthy)
Hunter Jones (Healthy)
Penguins
5 vs 5 Forward
Center Left Wing Right Wing Time % Phy DF OF
1 Ryan Winterton Austin Watson Brendan Lemieux 25 1 2 2
2 Antti Saarela Nikita Chibrikov Lucas Edmonds 25 1 2 2
3 Farm Player 115 Brayden Tracey Daniel Torgersson 25 1 2 2
4 Austin Watson Daniel Torgersson Ryan Winterton 25 1 2 2
5 vs 5 Defense
Defense Defense Time % Phy DF OF
1 Jake Massie Anthony Deangelo 25 1 2 2
2 Corey Schueneman Tyler Kleven 25 1 2 2
3 Jakub Zboril Tyson Hinds 25 1 2 2
4 Jake Massie Anthony Deangelo 25 1 2 2
PowerPlay Forward
Center Left Wing Right Wing Time % Phy DF OF
1 Ryan Winterton Austin Watson Brayden Tracey 60 1 2 2
2 Antti Saarela Nikita Chibrikov Lucas Edmonds 40 1 2 2
PowerPlay Defense
Defense Defense Time % Phy DF OF
1 Jake Massie Anthony Deangelo 60 1 2 2
2 Corey Schueneman Tyler Kleven 40 1 2 2
Penalty Kill 4 Players Forward
Center Wing Time % Phy DF OF
1 Austin Watson Brendan Lemieux 60 1 2 2
2 Ryan Winterton Nikita Chibrikov 40 1 2 2
Penalty Kill 4 Players Defense
Defense Defense Time % Phy DF OF
1 Tyson Hinds Anthony Deangelo 60 1 2 2
2 Corey Schueneman Tyler Kleven 40 1 2 2
Penalty Kill - 3 Players Forward
Forward Time % Phy DF OF
1 Austin Watson 60 1 2 2
2 Ryan Winterton 40 1 2 2
Penalty Kill - 3 Players Defense
Defense Defense Time % Phy DF OF
1 Jake Massie Anthony Deangelo 60 1 2 2
2 Corey Schueneman Tyler Kleven 40 1 2 2
4 vs 4 Forward
Center Wing Time % Phy DF OF
1 Austin Watson Brayden Tracey 60 1 2 2
2 Ryan Winterton Nikita Chibrikov 40 1 2 2
4 vs 4 Defense
Defense Defense Time % Phy DF OF
1 Jake Massie Anthony Deangelo 60 1 2 2
2 Corey Schueneman Tyler Kleven 40 1 2 2
Last Minutes Offensive
Center Left Wing Right Wing Defense Defense
Ryan Winterton Austin Watson Brendan Lemieux Corey Schueneman Anthony Deangelo
Last Minutes Defensive
Center Left Wing Right Wing Defense Defense
Ryan Winterton Austin Watson Brendan Lemieux Corey Schueneman Anthony Deangelo
Goaltenders
Starting : Nico Daws
Backup : Aaron Dell
Extra Forwards
Normal : Marcel Marcel, Brayden Tracey, Austin Watson - PP : Marcel Marcel, Brayden Tracey - PK : Austin Watson
Extra Defensemen
Normal : Anthony Deangelo, Tyson Hinds, Jake Massie - PP : Anthony Deangelo - PK : Tyson Hinds, Jake Massie
Penalty Shots
Austin Watson, Brendan Lemieux, Ryan Winterton, Nikita Chibrikov, Brayden Tracey
Custom OT Lines Forwards
Austin Watson, Brendan Lemieux, Ryan Winterton, Nikita Chibrikov, Brayden Tracey, Lucas Edmonds, Farm Player 115, Daniel Torgersson, Antti Saarela, Marcel Marcel
Custom OT Lines Defensemen
Tyson Hinds, Anthony Deangelo, Corey Schueneman, Tyler Kleven, Jake Massie
Scratches
Farm Player 17 (Healthy), Farm Player 19 (Healthy), Thomas Milic (Healthy), Mitchell Weeks (Healthy)
% Time on Ice - Americans
Lines # - Real PCT - Wanted PCT - Time Play
Normal Forward
1 - 23% - 31% - 10:19
2 - 31% - 30% - 13:27
3 - 30% - 27% - 13:06
4 - 16% - 12% - 7:10
Normal Defense
1 - 31% - 32% - 13:37
2 - 32% - 30% - 14:05
3 - 30% - 28% - 13:00
4 - 8% - 10% - 3:20
PP Forward
1 - 61% - 60% - 6:57
2 - 39% - 40% - 4:26
PP Defense
1 - 61% - 60% - 6:58
2 - 39% - 40% - 4:25
PK Forward
1 - 76% - 60% - 3:30
2 - 24% - 40% - 1:05
PK Defense
1 - 39% - 60% - 1:47
2 - 61% - 40% - 2:48
PK3 Forward
1 - 0% - 60%
2 - 0% - 40%
PK3 Defense
1 - 0% - 60%
2 - 0% - 40%
44 Forward
1 - 0% - 60%
2 - 0% - 40%
44 Defense
1 - 0% - 60%
2 - 0% - 40%
Last Minute Offensive - 0:00
Last Minute Defensive - 0:00
Total
Forward - 60:00
Defense - 60:00
|
% Time on Ice - Penguins
Lines # - Real PCT - Wanted PCT - Time Play
Normal Forward
1 - 20% - 25% - 8:44
2 - 34% - 25% - 15:08
3 - 34% - 25% - 14:54
4 - 12% - 25% - 5:16
Normal Defense
1 - 18% - 25% - 7:45
2 - 34% - 25% - 15:11
3 - 32% - 25% - 14:09
4 - 16% - 25% - 6:57
PP Forward
1 - 46% - 60% - 2:07
2 - 54% - 40% - 2:28
PP Defense
1 - 46% - 60% - 2:07
2 - 54% - 40% - 2:28
PK Forward
1 - 77% - 60% - 8:49
2 - 23% - 40% - 2:34
PK Defense
1 - 58% - 60% - 6:35
2 - 42% - 40% - 4:48
PK3 Forward
1 - 0% - 60%
2 - 0% - 40%
PK3 Defense
1 - 0% - 60%
2 - 0% - 40%
44 Forward
1 - 0% - 60%
2 - 0% - 40%
44 Defense
1 - 0% - 60%
2 - 0% - 40%
Last Minute Offensive - 0:00
Last Minute Defensive - 0:00
Total
Forward - 60:00
Defense - 60:00
|
Play-by-Play
1st period
0:01 of 1st period - Alex Turcotte wins face-off versus Ryan Winterton in neutral zone.
0:01 of 1st period - Alex Turcotte is hit by Brendan Lemieux.
0:23 of 1st period - Icing by Henry Thrun.
0:24 of 1st period - Alex Turcotte wins face-off versus Antti Saarela in Americans zone.
1:04 of 1st period - Carter Mazur is hit by Nikita Chibrikov and loses puck.
1:22 of 1st period - Daniel Torgersson is hit by Dennis Cholowski and loses puck.
1:26 of 1st period - Icing by Robin Salo.
1:27 of 1st period - Nikita Alexandrov wins face-off versus Ryan Winterton in Americans zone.
1:33 of 1st period - Shot by Brendan Lemieux.
1:33 of 1st period - Shot Misses the Net.
1:55 of 1st period - Brendan Lemieux is hit by Robin Salo.
2:46 of 1st period - Shot by Thomas Bordeleau.
2:46 of 1st period - Shot Misses the Net.
2:48 of 1st period - Shot by Thomas Bordeleau.
2:48 of 1st period - Deflect By Ivan Ivan.
2:48 of 1st period - Shot Blocked by Jakub Zboril.
2:50 of 1st period - Shot by Kristian Reichel.
2:50 of 1st period - Stopped by Nico Daws without a rebound.
2:51 of 1st period - Antti Saarela wins face-off versus Josh Anderson in Penguins zone.
3:03 of 1st period - Henry Thrun is hit by Tyler Kleven and loses puck.
3:07 of 1st period - Jonathan Gruden is hit by Tyler Kleven and loses puck.
3:10 of 1st period - Shot by Jonathan Gruden.
3:10 of 1st period - Shot Blocked by Nikita Chibrikov.
3:58 of 1st period - Kristian Reichel is hit by Jake Massie and loses puck.
4:00 of 1st period - Minor Penalty to Anthony Deangelo for Roughing.
4:01 of 1st period - Alex Turcotte wins face-off versus Austin Watson in Penguins zone.
5:26 of 1st period - Shot by Sheldon Rempal.
5:26 of 1st period - Shot Misses the Net.
5:28 of 1st period - Shot by Thomas Bordeleau.
5:28 of 1st period - Goal by Thomas Bordeleau - Americans : 1 - Penguins : 0.
5:29 of 1st period - Thomas Bordeleau wins face-off versus Antti Saarela in neutral zone.
5:59 of 1st period - Shot by Thomas Bordeleau.
5:59 of 1st period - Stopped by Nico Daws without a rebound.
6:00 of 1st period - Sheldon Rempal wins face-off versus Austin Watson in Penguins zone.
6:33 of 1st period - Shot by Martin Chromiak.
6:33 of 1st period - Deflect By Sheldon Rempal.
6:33 of 1st period - Stopped by Nico Daws without a rebound.
6:34 of 1st period - Farm Player 115 wins face-off versus Ivan Ivan in Penguins zone.
6:34 of 1st period - Farm Player 115 is hit by Ivan Ivan.
6:35 of 1st period - Farm Player 115 from Penguins is injured at 6:35 of 1st period (Sprained Left Knee).
6:36 of 1st period - Alex Turcotte wins face-off versus Marcel Marcel in Penguins zone.
6:53 of 1st period - Icing by Tyler Kleven.
6:54 of 1st period - Nikita Alexandrov wins face-off versus Marcel Marcel in Penguins zone.
7:12 of 1st period - Shot by Carter Mazur.
7:12 of 1st period - Stopped by Nico Daws with a rebound.
7:24 of 1st period - Brayden Tracey is hit by Nikita Alexandrov and loses puck.
8:57 of 1st period - Alex Turcotte is hit by Tyson Hinds and loses puck.
9:41 of 1st period - Shot by Thomas Bordeleau.
9:41 of 1st period - Shot Misses the Net.
10:58 of 1st period - Icing by Jakub Zboril.
10:59 of 1st period - Antti Saarela wins face-off versus Alex Turcotte in Penguins zone.
11:13 of 1st period - Minor Penalty to Tyson Hinds for Tripping.
11:14 of 1st period - Ryan Winterton wins face-off versus Carter Mazur in Penguins zone.
11:14 of 1st period - Ryan Winterton is hit by Joakim Kemell.
11:26 of 1st period - Shot by Ryan Winterton.
11:26 of 1st period - Stopped by Trent Miner without a rebound.
11:27 of 1st period - Alex Turcotte wins face-off versus Austin Watson in Americans zone.
11:34 of 1st period - Shot by Josh Anderson.
11:34 of 1st period - Shot Misses the Net.
11:36 of 1st period - Shot by Josh Anderson.
11:36 of 1st period - Stopped by Nico Daws without a rebound.
11:37 of 1st period - Austin Watson wins face-off versus Alex Turcotte in Penguins zone.
12:36 of 1st period - Shot by Robin Salo.
12:36 of 1st period - Shot Misses the Net.
12:38 of 1st period - Shot by Dennis Cholowski.
12:38 of 1st period - Shot Blocked by Ryan Winterton.
13:12 of 1st period - Shot by Josh Anderson.
13:12 of 1st period - Stopped by Nico Daws without a rebound.
13:13 of 1st period - Antti Saarela wins face-off versus Ivan Ivan in Penguins zone.
13:34 of 1st period - Shot by Ian Mitchell.
13:34 of 1st period - Stopped by Nico Daws without a rebound.
13:35 of 1st period - Marcel Marcel wins face-off versus Josh Anderson in Penguins zone.
13:35 of 1st period - Marcel Marcel is hit by Jonathan Gruden.
14:05 of 1st period - Jack Thompson is hit by Corey Schueneman and loses puck.
14:19 of 1st period - Off-side.
14:20 of 1st period - Antti Saarela wins face-off versus Ivan Ivan in neutral zone.
14:26 of 1st period - Icing by Dennis Cholowski.
14:27 of 1st period - Ivan Ivan wins face-off versus Antti Saarela in Americans zone.
14:54 of 1st period - Minor Penalty to Jakub Zboril for Hooking.
14:55 of 1st period - Alex Turcotte wins face-off versus Austin Watson in Penguins zone.
15:27 of 1st period - Shot by Josh Anderson.
15:27 of 1st period - Shot Misses the Net.
15:37 of 1st period - Shot by Thomas Bordeleau.
15:37 of 1st period - Stopped by Nico Daws with a rebound.
15:39 of 1st period - Shot by Nikita Alexandrov.
15:39 of 1st period - Shot Blocked by Tyson Hinds.
16:03 of 1st period - Shot by Nikita Alexandrov.
16:03 of 1st period - Stopped by Nico Daws with a rebound.
16:15 of 1st period - Henry Thrun is hit by Nikita Chibrikov and loses puck.
16:30 of 1st period - Shot by Carter Mazur.
16:30 of 1st period - Shot Misses the Net.
17:02 of 1st period - Jonathan Gruden is hit by Brayden Tracey and loses puck.
18:40 of 1st period - Corey Schueneman is hit by Nikita Alexandrov.
19:23 of 1st period - Austin Watson is hit by Ian Mitchell and loses puck.
19:40 of 1st period - Roni Hirvonen is hit by Martin Chromiak and loses puck.
Goals for this period are 1 for Americans vs 0 for Penguins.
Shots for this period are 10 for Americans vs 1 for Penguins.
2nd period
0:01 of 2nd period - Sheldon Rempal wins face-off versus Austin Watson in neutral zone.
0:01 of 2nd period - Sheldon Rempal is hit by Austin Watson.
0:07 of 2nd period - Shot by Sheldon Rempal.
0:07 of 2nd period - Deflect By Josh Anderson.
0:07 of 2nd period - Shot Misses the Net.
0:21 of 2nd period - Shot by Ryan Winterton.
0:21 of 2nd period - Shot Misses the Net.
0:23 of 2nd period - Shot by Ryan Winterton.
0:23 of 2nd period - Shot Misses the Net.
0:30 of 2nd period - Shot by Daniel Torgersson.
0:30 of 2nd period - Shot Blocked by Henry Thrun.
0:32 of 2nd period - Shot by Jake Massie.
0:32 of 2nd period - Stopped by Trent Miner with a rebound.
1:04 of 2nd period - Corey Schueneman is hit by Sheldon Rempal and loses puck.
1:25 of 2nd period - Shot by Joakim Kemell.
1:25 of 2nd period - Stopped by Nico Daws with a rebound.
1:35 of 2nd period - Shot by Joakim Kemell.
1:35 of 2nd period - Stopped by Nico Daws without a rebound.
1:36 of 2nd period - Marcel Marcel wins face-off versus Ivan Ivan in Penguins zone.
1:43 of 2nd period - Shot by Kristian Reichel.
1:43 of 2nd period - Shot Misses the Net.
1:45 of 2nd period - Shot by Thomas Bordeleau.
1:45 of 2nd period - Stopped by Nico Daws with a rebound.
1:47 of 2nd period - Shot by Kristian Reichel.
1:47 of 2nd period - Shot Misses the Net.
1:49 of 2nd period - Shot by Michael Vukojevic.
1:49 of 2nd period - Shot Misses the Net.
1:55 of 2nd period - Shot by Kristian Reichel.
1:55 of 2nd period - Shot Misses the Net.
1:57 of 2nd period - Shot by Michael Vukojevic.
1:57 of 2nd period - Shot Misses the Net.
2:05 of 2nd period - Shot by Thomas Bordeleau.
2:05 of 2nd period - Shot Blocked by Tyson Hinds.
2:07 of 2nd period - Shot by Ivan Ivan.
2:07 of 2nd period - Deflect By Thomas Bordeleau.
2:07 of 2nd period - Shot Blocked by Tyson Hinds.
2:09 of 2nd period - Shot by Thomas Bordeleau.
2:09 of 2nd period - Stopped by Nico Daws without a rebound.
2:10 of 2nd period - Ryan Winterton wins face-off versus Nikita Alexandrov in Penguins zone.
2:10 of 2nd period - Ryan Winterton is hit by Nikita Alexandrov.
2:22 of 2nd period - Off-side.
2:23 of 2nd period - Ryan Winterton wins face-off versus Nikita Alexandrov in neutral zone.
2:38 of 2nd period - Shot by Carter Mazur.
2:38 of 2nd period - Shot Blocked by Jake Massie.
2:44 of 2nd period - Shot by Carter Mazur.
2:44 of 2nd period - Shot Misses the Net.
2:46 of 2nd period - Shot by Dennis Cholowski.
2:46 of 2nd period - Shot Misses the Net.
2:48 of 2nd period - Shot by Carter Mazur.
2:48 of 2nd period - Shot Blocked by Jake Massie.
3:16 of 2nd period - Icing by Brendan Lemieux.
3:17 of 2nd period - Ryan Winterton wins face-off versus Alex Turcotte in Penguins zone.
3:47 of 2nd period - Icing by Corey Schueneman.
3:48 of 2nd period - Marcel Marcel wins face-off versus Ivan Ivan in Penguins zone.
3:48 of 2nd period - Marcel Marcel is hit by Ivan Ivan.
3:49 of 2nd period - Minor Penalty to Ivan Ivan for Roughing.
3:50 of 2nd period - Thomas Bordeleau wins face-off versus Antti Saarela in Americans zone.
3:50 of 2nd period - Thomas Bordeleau is hit by Antti Saarela.
4:00 of 2nd period - Shot by Antti Saarela.
4:00 of 2nd period - Deflect By Lucas Edmonds.
4:00 of 2nd period - Shot Misses the Net.
4:02 of 2nd period - Shot by Lucas Edmonds.
4:02 of 2nd period - Stopped by Trent Miner without a rebound.
4:03 of 2nd period - Nikita Chibrikov wins face-off versus Thomas Bordeleau in Americans zone.
4:14 of 2nd period - Shot by Nikita Chibrikov.
4:14 of 2nd period - Stopped by Trent Miner without a rebound.
4:15 of 2nd period - Brayden Tracey wins face-off versus Thomas Bordeleau in Americans zone.
4:26 of 2nd period - Shot by Ryan Winterton.
4:26 of 2nd period - Shot Misses the Net.
4:39 of 2nd period - Icing by Anthony Deangelo.
4:40 of 2nd period - Ryan Winterton wins face-off versus Thomas Bordeleau in Penguins zone.
5:25 of 2nd period - Shot by Lucas Edmonds.
5:25 of 2nd period - Shot Misses the Net.
5:27 of 2nd period - Shot by Corey Schueneman.
5:27 of 2nd period - Goal by Corey Schueneman - Americans : 1 - Penguins : 1.
5:28 of 2nd period - Alex Turcotte wins face-off versus Marcel Marcel in neutral zone.
5:28 of 2nd period - Alex Turcotte is hit by Brayden Tracey.
5:31 of 2nd period - Josh Anderson is hit by Tyson Hinds and loses puck.
6:01 of 2nd period - Shot by Tyson Hinds.
6:01 of 2nd period - Shot Misses the Net.
6:10 of 2nd period - Icing by Robin Salo.
6:11 of 2nd period - Ryan Winterton wins face-off versus Alex Turcotte in Americans zone.
6:16 of 2nd period - Shot by Austin Watson.
6:16 of 2nd period - Stopped by Trent Miner without a rebound.
6:17 of 2nd period - Antti Saarela wins face-off versus Nikita Alexandrov in Americans zone.
6:36 of 2nd period - Shot by Antti Saarela.
6:36 of 2nd period - Deflect By Nikita Chibrikov.
6:36 of 2nd period - Shot Misses the Net.
6:38 of 2nd period - Shot by Antti Saarela.
6:38 of 2nd period - Goal by Antti Saarela - Americans : 1 - Penguins : 2.
6:39 of 2nd period - Ivan Ivan wins face-off versus Austin Watson in neutral zone.
6:42 of 2nd period - Corey Schueneman is hit by Kristian Reichel and loses puck.
6:47 of 2nd period - Shot by Thomas Bordeleau.
6:47 of 2nd period - Stopped by Nico Daws without a rebound.
6:48 of 2nd period - Ryan Winterton wins face-off versus Josh Anderson in Penguins zone.
6:48 of 2nd period - Minor Penalty to Josh Anderson for Cross-checking.
6:49 of 2nd period - Ryan Winterton wins face-off versus Ivan Ivan in Americans zone.
6:52 of 2nd period - Shot by Austin Watson.
6:52 of 2nd period - Shot Misses the Net.
7:04 of 2nd period - Ian Mitchell is hit by Austin Watson and loses puck.
7:19 of 2nd period - Shot by Anthony Deangelo.
7:19 of 2nd period - Shot Misses the Net.
7:26 of 2nd period - Icing by Austin Watson.
7:27 of 2nd period - Ryan Winterton wins face-off versus Thomas Bordeleau in Penguins zone.
7:29 of 2nd period - Anthony Deangelo is hit by Thomas Bordeleau and loses puck.
8:04 of 2nd period - Shot by Corey Schueneman.
8:04 of 2nd period - Stopped by Trent Miner without a rebound.
8:05 of 2nd period - Thomas Bordeleau wins face-off versus Lucas Edmonds in Americans zone.
8:40 of 2nd period - Shot by Kristian Reichel.
8:40 of 2nd period - Stopped by Nico Daws with a rebound.
8:42 of 2nd period - Shot by Ivan Ivan.
8:42 of 2nd period - Shot Misses the Net.
8:44 of 2nd period - Shot by Ivan Ivan.
8:44 of 2nd period - Shot Misses the Net.
8:53 of 2nd period - Icing by Tyson Hinds.
8:54 of 2nd period - Alex Turcotte wins face-off versus Marcel Marcel in Penguins zone.
9:09 of 2nd period - Shot by Josh Anderson.
9:09 of 2nd period - Stopped by Nico Daws with a rebound.
9:10 of 2nd period - Minor Penalty to Sheldon Rempal for Interference.
9:11 of 2nd period - Ivan Ivan wins face-off versus Ryan Winterton in Americans zone.
10:06 of 2nd period - Shot by Lucas Edmonds.
10:06 of 2nd period - Shot Blocked by Thomas Bordeleau.
10:08 of 2nd period - Shot by Nikita Chibrikov.
10:08 of 2nd period - Goal by Nikita Chibrikov - Americans : 1 - Penguins : 3.
10:09 of 2nd period - Alex Turcotte wins face-off versus Marcel Marcel in neutral zone.
10:09 of 2nd period - Josh Anderson is hit by Daniel Torgersson.
10:25 of 2nd period - Shot by Jakub Zboril.
10:25 of 2nd period - Stopped by Trent Miner with a rebound.
10:27 of 2nd period - Shot by Tyson Hinds.
10:27 of 2nd period - Shot Hit the Post.
10:59 of 2nd period - Josh Anderson beats up Brendan Lemieux.
10:59 of 2nd period - Penalty to Brendan Lemieux for Fighting.
10:59 of 2nd period - Penalty to Josh Anderson for Fighting.
11:00 of 2nd period - Antti Saarela wins face-off versus Nikita Alexandrov in neutral zone.
11:21 of 2nd period - Shot by Nikita Alexandrov.
11:21 of 2nd period - Stopped by Nico Daws without a rebound.
11:22 of 2nd period - Ivan Ivan wins face-off versus Austin Watson in Penguins zone.
11:25 of 2nd period - Shot by Thomas Bordeleau.
11:25 of 2nd period - Shot Misses the Net.
11:27 of 2nd period - Shot by Michael Vukojevic.
11:27 of 2nd period - Stopped by Nico Daws without a rebound.
11:28 of 2nd period - Ivan Ivan wins face-off versus Austin Watson in Penguins zone.
11:29 of 2nd period - Shot by Thomas Bordeleau.
11:29 of 2nd period - Stopped by Nico Daws without a rebound.
11:30 of 2nd period - Nikita Alexandrov wins face-off versus Austin Watson in Penguins zone.
11:43 of 2nd period - Carter Mazur is hit by Austin Watson and loses puck.
12:39 of 2nd period - Martin Chromiak is hit by Corey Schueneman and loses puck.
13:24 of 2nd period - Icing by Dennis Cholowski.
13:25 of 2nd period - Marcel Marcel wins face-off versus Thomas Bordeleau in Americans zone.
13:26 of 2nd period - Shot by Brayden Tracey.
13:26 of 2nd period - Shot Misses the Net.
13:55 of 2nd period - Icing by Dennis Cholowski.
13:56 of 2nd period - Ivan Ivan wins face-off versus Ryan Winterton in Americans zone.
14:30 of 2nd period - Shot by Nikita Alexandrov.
14:30 of 2nd period - Stopped by Nico Daws without a rebound.
14:31 of 2nd period - Alex Turcotte wins face-off versus Marcel Marcel in Penguins zone.
14:34 of 2nd period - Shot by Sheldon Rempal.
14:34 of 2nd period - Shot Blocked by Jakub Zboril.
14:36 of 2nd period - Shot by Alex Turcotte.
14:36 of 2nd period - Stopped by Nico Daws without a rebound.
14:37 of 2nd period - Alex Turcotte wins face-off versus Marcel Marcel in Penguins zone.
14:41 of 2nd period - Alex Turcotte is hit by Corey Schueneman and loses puck.
14:49 of 2nd period - Minor Penalty to Tyler Kleven for Roughing.
14:50 of 2nd period - Nikita Alexandrov wins face-off versus Austin Watson in Penguins zone.
14:55 of 2nd period - Shot by Sheldon Rempal.
14:55 of 2nd period - Shot Misses the Net.
14:57 of 2nd period - Shot by Thomas Bordeleau.
14:57 of 2nd period - Shot Misses the Net.
15:01 of 2nd period - Shot by Thomas Bordeleau.
15:01 of 2nd period - Stopped by Nico Daws without a rebound.
15:02 of 2nd period - Austin Watson wins face-off versus Carter Mazur in Penguins zone.
15:14 of 2nd period - Icing by Joakim Kemell.
15:15 of 2nd period - Austin Watson wins face-off versus Joakim Kemell in Americans zone.
15:15 of 2nd period - Anthony Deangelo is hit by Henry Thrun.
15:30 of 2nd period - Icing by Joakim Kemell.
15:31 of 2nd period - Joakim Kemell wins face-off versus Ryan Winterton in Americans zone.
15:31 of 2nd period - Joakim Kemell is hit by Ryan Winterton.
16:46 of 2nd period - Shot by Josh Anderson.
16:46 of 2nd period - Shot Blocked by Anthony Deangelo.
16:48 of 2nd period - Shot by Thomas Bordeleau.
16:48 of 2nd period - Shot Blocked by Anthony Deangelo.
17:06 of 2nd period - Shot by Thomas Bordeleau.
17:06 of 2nd period - Stopped by Nico Daws with a rebound.
17:54 of 2nd period - Shot by Jonathan Gruden.
17:54 of 2nd period - Shot Misses the Net.
17:56 of 2nd period - Shot by Josh Anderson.
17:56 of 2nd period - Shot Misses the Net.
17:58 of 2nd period - Shot by Jack Thompson.
17:58 of 2nd period - Shot Misses the Net.
18:00 of 2nd period - Shot by Josh Anderson.
18:00 of 2nd period - Shot Blocked by Anthony Deangelo.
18:04 of 2nd period - Shot by Jonathan Gruden.
18:04 of 2nd period - Shot Misses the Net.
18:06 of 2nd period - Shot by Michael Vukojevic.
18:06 of 2nd period - Shot Misses the Net.
18:14 of 2nd period - Shot by Jonathan Gruden.
18:14 of 2nd period - Stopped by Nico Daws with a rebound.
18:18 of 2nd period - Shot by Jonathan Gruden.
18:18 of 2nd period - Deflect By Josh Anderson.
18:18 of 2nd period - Goal by Josh Anderson - Americans : 2 - Penguins : 3.
18:19 of 2nd period - Ryan Winterton wins face-off versus Josh Anderson in neutral zone.
19:18 of 2nd period - Jakub Zboril is hit by Nikita Alexandrov and loses puck.
19:41 of 2nd period - Shot by Nikita Chibrikov.
19:41 of 2nd period - Stopped by Trent Miner without a rebound.
19:42 of 2nd period - Marcel Marcel wins face-off versus Ivan Ivan in Americans zone.
19:42 of 2nd period - Anthony Deangelo is hit by Robin Salo.
Goals for this period are 1 for Americans vs 3 for Penguins.
Shots for this period are 16 for Americans vs 10 for Penguins.
3rd period
0:01 of 3rd period - Austin Watson wins face-off versus Alex Turcotte in neutral zone.
0:04 of 3rd period - Henry Thrun is hit by Austin Watson and loses puck.
0:10 of 3rd period - Icing by Ian Mitchell.
0:11 of 3rd period - Antti Saarela wins face-off versus Alex Turcotte in Americans zone.
0:12 of 3rd period - Shot by Lucas Edmonds.
0:12 of 3rd period - Shot Misses the Net.
1:26 of 3rd period - Corey Schueneman is hit by Nikita Alexandrov and loses puck.
1:34 of 3rd period - Icing by Antti Saarela.
1:35 of 3rd period - Ivan Ivan wins face-off versus Antti Saarela in Penguins zone.
1:35 of 3rd period - Ivan Ivan is hit by Tyler Kleven.
1:38 of 3rd period - Thomas Bordeleau is hit by Tyler Kleven and loses puck.
3:14 of 3rd period - Ian Mitchell is hit by Brayden Tracey and loses puck.
3:23 of 3rd period - Brayden Tracey is hit by Josh Anderson and loses puck.
3:44 of 3rd period - Shot by Austin Watson.
3:44 of 3rd period - Goal by Austin Watson - Americans : 2 - Penguins : 4.
3:45 of 3rd period - Austin Watson wins face-off versus Nikita Alexandrov in neutral zone.
4:02 of 3rd period - Shot by Nikita Alexandrov.
4:02 of 3rd period - Shot Blocked by Anthony Deangelo.
5:01 of 3rd period - Icing by Ian Mitchell.
5:02 of 3rd period - Antti Saarela wins face-off versus Josh Anderson in Americans zone.
5:27 of 3rd period - Joakim Kemell is hit by Lucas Edmonds and loses puck.
5:41 of 3rd period - Minor Penalty to Corey Schueneman for Roughing.
5:42 of 3rd period - Brayden Tracey wins face-off versus Nikita Alexandrov in Penguins zone.
6:41 of 3rd period - Shot by Henry Thrun.
6:41 of 3rd period - Shot Misses the Net.
7:24 of 3rd period - Shot by Martin Chromiak.
7:24 of 3rd period - Shot Misses the Net.
7:26 of 3rd period - Shot by Jonathan Gruden.
7:26 of 3rd period - Stopped by Nico Daws without a rebound.
7:27 of 3rd period - Samuel Houde wins face-off versus Austin Watson in Penguins zone.
7:50 of 3rd period - Shot by Thomas Bordeleau.
7:50 of 3rd period - Shot Misses the Net.
8:31 of 3rd period - Icing by Antti Saarela.
8:32 of 3rd period - Carter Mazur wins face-off versus Antti Saarela in Penguins zone.
9:44 of 3rd period - Shot by Ryan Winterton.
9:44 of 3rd period - Stopped by Trent Miner with a rebound.
10:16 of 3rd period - Shot by Brayden Tracey.
10:16 of 3rd period - Stopped by Trent Miner with a rebound.
10:45 of 3rd period - Shot by Ryan Winterton.
10:45 of 3rd period - Stopped by Trent Miner without a rebound.
10:46 of 3rd period - Ryan Winterton wins face-off versus Ivan Ivan in Americans zone.
10:46 of 3rd period - Brayden Tracey is hit by Michael Vukojevic and loses puck.
11:18 of 3rd period - Shot by Thomas Bordeleau.
11:18 of 3rd period - Shot Misses the Net.
11:50 of 3rd period - Off-side.
11:51 of 3rd period - Antti Saarela wins face-off versus Joakim Kemell in neutral zone.
12:02 of 3rd period - Lucas Edmonds is hit by Carter Mazur and loses puck.
12:43 of 3rd period - Carter Mazur is hit by Brendan Lemieux and loses puck.
12:51 of 3rd period - Joakim Kemell is hit by Austin Watson and loses puck.
13:21 of 3rd period - Minor Penalty to Ozzy Wiesblatt for High sticking.
13:22 of 3rd period - Samuel Houde wins face-off versus Austin Watson in Penguins zone.
13:23 of 3rd period - Shot by Thomas Bordeleau.
13:23 of 3rd period - Shot Misses the Net.
13:35 of 3rd period - Shot by Thomas Bordeleau.
13:35 of 3rd period - Stopped by Nico Daws without a rebound.
13:36 of 3rd period - Sheldon Rempal wins face-off versus Austin Watson in Penguins zone.
14:05 of 3rd period - Shot by Thomas Bordeleau.
14:05 of 3rd period - Shot Misses the Net.
14:57 of 3rd period - Icing by Dennis Cholowski.
14:58 of 3rd period - Samuel Houde wins face-off versus Antti Saarela in Americans zone.
15:33 of 3rd period - Shot by Kristian Reichel.
15:33 of 3rd period - Stopped by Nico Daws without a rebound.
15:34 of 3rd period - Lucas Edmonds wins face-off versus Alex Turcotte in Penguins zone.
15:41 of 3rd period - Shot by Antti Saarela.
15:41 of 3rd period - Shot Misses the Net.
15:43 of 3rd period - Shot by Antti Saarela.
15:43 of 3rd period - Deflect By Lucas Edmonds.
15:43 of 3rd period - Goal by Lucas Edmonds - Americans : 2 - Penguins : 5.
15:44 of 3rd period - Ivan Ivan wins face-off versus Marcel Marcel in neutral zone.
16:36 of 3rd period - Shot by Josh Anderson.
16:36 of 3rd period - Shot Misses the Net.
16:38 of 3rd period - Shot by Michael Vukojevic.
16:38 of 3rd period - Stopped by Nico Daws without a rebound.
16:39 of 3rd period - Antti Saarela wins face-off versus Nikita Alexandrov in Penguins zone.
16:39 of 3rd period - Antti Saarela is hit by Nikita Alexandrov.
17:13 of 3rd period - Henry Thrun is hit by Antti Saarela and loses puck.
17:20 of 3rd period - Antti Saarela is hit by Nikita Alexandrov and loses puck.
17:47 of 3rd period - Shot by Sheldon Rempal.
17:47 of 3rd period - Stopped by Nico Daws with a rebound.
18:27 of 3rd period - Shot by Thomas Bordeleau.
18:27 of 3rd period - Stopped by Nico Daws with a rebound.
18:29 of 3rd period - Shot by Thomas Bordeleau.
18:29 of 3rd period - Goal by Thomas Bordeleau - Americans : 3 - Penguins : 5.
18:30 of 3rd period - Josh Anderson wins face-off versus Marcel Marcel in neutral zone.
18:57 of 3rd period - Brayden Tracey is hit by Josh Anderson and loses puck.
19:15 of 3rd period - Jake Massie is hit by Carter Mazur and loses puck.
19:27 of 3rd period - Off-side.
19:28 of 3rd period - Antti Saarela wins face-off versus Ivan Ivan in neutral zone.
19:53 of 3rd period - Shot by Nikita Chibrikov.
19:53 of 3rd period - Stopped by Trent Miner without a rebound.
19:54 of 3rd period - Ryan Winterton wins face-off versus Nikita Alexandrov in Americans zone.
Goals for this period are 1 for Americans vs 2 for Penguins.
Shots for this period are 7 for Americans vs 6 for Penguins.
Back to the Top